 Dungeon Crawl Stone Soup version 0.19.0-2-gae57169 (webtiles) character file.

3062 HandofTrog the Ruffian (level 9, -1/92 HPs)
             Began as a Troll Hunter on Nov 4, 2016.
             Was an Initiate of Cheibriados.
             Slain by Maurice
             ... wielding a +0 short sword of venom
              (5 damage)
             ... on level 8 of the Dungeon.
             The game lasted 00:33:44 (7140 turns).

HandofTrog the Ruffian (Troll Hunter)               Turns: 7140, Time: 00:33:45

Health: -1/92      AC: 10    Str: 25    XL:     9   Next: 57%
Magic:  8/8        EV: 13    Int: 11    God:    Cheibriados [......]
Gold:   427        SH:  0    Dex: 17    Spells: 2 memorised, 6 levels left

rFire  + . .     SeeInvis .     O - +3 spear of Guile {pain, +Inv Int+3 Dex+3} (curse)
rCold  + . .     Gourm    +     L - +2 robe
rNeg   . . .     Faith    .     (no shield)
rPois  +         Spirit   .     (helmet restricted)
rElec  +         Reflect  .     S - +2 cloak
rCorr  +         Harm     .     (gloves unavailable)
MR     .....                    (boots unavailable)
Stlth  ++........               (no amulet)
                                (no ring)
                                D - +2 ring of strength

@: lethally poisoned (-1 -> -7), resistant, very slow
A: unfitting armour, claws 3, fast metabolism 3, gourmand, regeneration 1,
shaggy fur 1, tough skin 2
a: Bend Time, Renounce Religion, Evoke Invisibility


You were on level 8 of the Dungeon.
You worshipped Cheibriados.
Cheibriados was noncommittal.
You were very hungry.

You visited 2 branches of the dungeon, and saw 9 of its levels.

You collected 427 gold pieces.

Inventory:

Hand Weapons
 a - a +0 short sword
 E - a +0 blowgun
 O - the cursed +3 spear of Guile (weapon) {pain, +Inv Int+3 Dex+3}
   (You found it on level 6 of the Dungeon)

   In the hands of one skilled in necromantic magic, it inflicts extra damage on
   living creatures.
   It affects your intelligence (+3).
   It affects your dexterity (+3).
   It lets you turn invisible.
   It has a curse placed upon it.
 Q - a +0 giant spiked club
 R - a +4 quarterstaff of chaos
Missiles
 c - 5 large rocks (quivered)
 d - 3 throwing nets
 g - 121 stones
 l - 4 poisoned tomahawks
 F - 16 poisoned needles
 J - 15 tomahawks
Armour
 b - a +0 robe
 y - a +0 cloak
 L - a +2 robe (worn)
 S - a +2 cloak (worn)
Jewellery
 D - a +2 ring of strength (left claw)
Wands
 G - a wand of digging (19/24)
Scrolls
 i - 2 scrolls of random uselessness {unknown}
 j - 3 scrolls of remove curse
 m - a scroll of recharging {unknown}
 o - a scroll of enchant weapon {unknown}
 q - 6 scrolls of amnesia {unknown}
 r - a scroll of fog
 u - a scroll of enchant armour {unknown}
 v - 2 scrolls of teleportation {unknown}
 z - a scroll of noise {unknown}
 N - a scroll of fear {unknown}
 P - a scroll of identify
Potions
 e - a potion of lignification
 h - a potion of magic {unknown}
 n - a potion of degeneration
 x - a potion of might {unknown}
 B - 2 potions of haste
 H - a potion of agility {unknown}
Books
 M - a book of Misfortune

   Spells                             Type                      Level
   a - Confusing Touch                Hexes                        1
   b - Confuse                        Hexes                        3
   c - Gell's Gravitas                Hexes/Translocation          3
   d - Petrify                        Transmutation/Earth          4
   e - Metabolic Englaciation         Hexes/Ice                    5
   f - Yara's Violent Unravelling     Hexes/Transmutation          5
Comestibles
 f - 9 bread rations
 k - 7 beef jerkies
 t - a royal jelly
 I - a meat ration


   Skills:
 - Level 6.7 Fighting
 + Level 5.0 Polearms
 - Level 3.6 Throwing
 - Level 4.9 Dodging
 - Level 0.3 Stealth
 - Level 6.8 Unarmed Combat


You had 6 spell levels left.
You knew the following spells:

 Your Spells              Type           Power        Failure   Level  Hunger
a - Corona                Hex            #......      34%         1    ##.....
b - Confusing Touch       Hex            #.....       34%         1    ##.....


Dungeon Overview and Level Annotations

Branches:
Dungeon (8/15)             Temple (1/1) D:7
   Lair: D:8-11

Altars:
Ashenzari
Cheibriados
Dithmenos
Fedhas
Gozag
Hepliaklqana
Makhleb
Nemelex Xobeh
Okawaru
Qazlal
Ru
Sif Muna
Trog
Uskayaw
Vehumet
Xom
Yredelemnul
Zin
The Shining One

Annotations:
D:8 Maurice


Innate Abilities, Weirdness & Mutations

You are too large for most types of armour.
You have claws for hands.
Your metabolism is lightning-fast.
You like to eat raw meat.
Your natural rate of healing is unusually fast.
You are covered in fur. (AC +1)
You have very tough skin. (AC +2)


Message History

You feel sick. Something hits you.
* * * LOW HITPOINT WARNING * * *
Something steals your large shield!
You puncture something!
* * * LOW HITPOINT WARNING * * *
You feel very sick.
You hear some strange, mumbled words.
You feel protected.
* * * LOW HITPOINT WARNING * * *
You feel sick.
You are feeling very hungry.
* * * LOW HITPOINT WARNING * * *
You feel very sick.
* * * LOW HITPOINT WARNING * * *
You feel sick.
* * * LOW HITPOINT WARNING * * *
You feel very sick.
* * * LOW HITPOINT WARNING * * *
You feel sick. Something hits you but does no damage. Something hits you.
You die...

#+# #.# #.#####
##.....# ##...##.#
#....{#.#
####.......# #
.......<...#######.#
####.#.#.<....@....#
#.......#########
###.###.# #.. ..#
#######


There were no monsters in sight!

Vanquished Creatures
  Sigmund (D:2)
  Menkaure (D:6)
  Edmund (D:4)
  2 orc warriors (D:7)
  2 ice beasts (D:6)
  A phantom (D:7)
  3 ogres
  A crocodile (D:5)
  A big kobold (D:5)
  Blork the orc (D:6)
  The ghost of lorenzova the Sneak, an amateur SpEn (D:3)
  4 scorpions
  A centaur zombie (D:5)
  3 crimson imps
  A jelly (D:4)
  A quasit (D:6)
  Crazy Yiuf (D:6)
  3 hounds
  11 orc priests
  8 orc wizards
  10 worker ants
  A hound zombie (D:5)
  A hound skeleton (D:4)
  Robin (D:3)
  17 adders
  A river rat (D:5)
  5 shadow imps
  2 oozes
  3 worms
  4 dart slugs
  3 leopard geckos
  39 orcs
  7 bats
  3 giant cockroaches
  12 goblins
  8 hobgoblins
  10 jackals
  11 kobolds
  4 quokkas
  7 ball pythons
  4 frilled lizards
  3 rats
  A bush (D:6)
  A fungus (D:6)
206 creatures vanquished.

Notes
Turn   | Place    | Note
-------+----------+-------------------------------------------
     0 | D:1      | HandofTrog the Troll Hunter began the quest for the Orb.
     0 | D:1      | Reached XP level 1. HP: 19/19 MP: 0/0
   194 | D:1      | Reached XP level 2. HP: 27/28 MP: 1/1
   596 | D:2      | Reached skill level 1 in Unarmed Combat
   596 | D:2      | Reached XP level 3. HP: 34/36 MP: 2/2
   926 | D:2      | Noticed Sigmund
   940 | D:2      | Killed Sigmund
   940 | D:2      | Reached XP level 4. HP: 29/44 MP: 3/3
   940 | D:2      | Reached XP level 5. HP: 33/50 MP: 4/4
  1525 | D:3      | Reached skill level 5 in Unarmed Combat
  1659 | D:3      | Noticed lorenzova's ghost (amateur SpEn)
  1682 | D:3      | Reached XP level 6. HP: 58/59 MP: 5/5
  1896 | D:3      | Noticed Robin
  1955 | D:3      | Killed Robin
  2171 | D:3      | You fall through a shaft for 3 floors!
  2314 | D:6      | Noticed Edmund
  2315 | D:6      | Noticed an ice beast
  2330 | D:5      | Entered Level 5 of the Dungeon
  2457 | D:3      | Killed lorenzova's ghost
  2581 | D:4      | Reached XP level 7. HP: 66/66 MP: 6/6
  2693 | D:4      | Found a sacrificial altar of Ru.
  3260 | D:4      | Killed Edmund
  3334 | D:5      | Learned a level 1 spell: Corona
  3375 | D:5      | Reached skill level 5 in Fighting
  3616 | D:5      | Reached XP level 8. HP: 73/80 MP: 7/7
  3872 | D:6      | Noticed Blork the orc
  3883 | D:6      | Killed Blork the orc
  4309 | D:6      | Noticed Menkaure
  4310 | D:6      | Killed Menkaure
  4357 | D:6      | Found an opulent altar of Gozag.
  4480 | D:6      | Got a faintly glowing spear
  4483 | D:6      | Learned a level 1 spell: Confusing Touch
  4764 | D:6      | Found a deep blue altar of Sif Muna.
  4852 | D:6      | Reached XP level 9. HP: 92/92 MP: 8/8
  4912 | D:6      | Found a runed door.
  4916 | D:6      | Noticed Crazy Yiuf
  4918 | D:6      | Killed Crazy Yiuf
  4932 | D:6      | Identified the cursed +3 spear of Guile {pain, +Inv Int+3 Dex+3} (You found it on level 6 of the Dungeon)
  5082 | D:7      | Reached skill level 1 in Polearms
  5347 | D:7      | HP: 4/92 [orc priest/divine providence (15)]
  6196 | D:7      | Found a staircase to the Ecumenical Temple.
  6205 | Temple   | Entered the Ecumenical Temple
  6310 | Temple   | Became a worshipper of Cheibriados the Contemplative
  6562 | Temple   | HP: 2/92 [worker ant (4)]
  6898 | D:7      | Reached skill level 5 in Polearms
  7090 | D:8      | Noticed Maurice
  7140 | D:8      | HP: 4/92 [poisoned by Maurice]
  7140 | D:8      | Slain by Maurice

Skill      XL: |  1  2  3  4  5  6  7  8  9 |
---------------+----------------------------+-----
Fighting       | 2 5 6 |  6.7
Unarmed Combat | 1 4 5 6 |  6.8
Dodging        | 4 |  4.9
Polearms       | 5 |  5.0
Throwing       | |  3.6
Stealth        | |  0.3

Action                   |  1- 3 |  4- 6 |  7- 9 || total
-------------------------+-------+-------+-------++-------
Melee: Unarmed           |    78 |   155 |   227 ||   460
       Punch             |       |       |    18 ||    18
       Spear             |       |       |   242 ||   242
Throw: Large rock        |     1 |     2 |     5 ||     8
  Use: Potion            |       |     1 |     9 ||    10
       Scroll            |       |       |     5 ||     5
 Stab: Sleeping          |       |       |     2 ||     2
  Eat: Chunk             |     8 |    17 |    34 ||    59
       Bread ration      |       |     1 |       ||     1
Armor: Robe              |    35 |    59 |   132 ||   226
       Skin              |       |     1 |       ||     1
Dodge: Dodged            |    48 |    55 |   203 ||   306
